 Dungeon Crawl Stone Soup version 0.29-a0-648-g6b26cc9f40 (webtiles) character file.

Game seed: 11508940602084963589

8143 ytrimaz the Nimble (level 11, -45/92 HPs)
             Began as an Octopode Transmuter on June 20, 2022.
             Was a Follower of Ashenzari.
             Killed from afar by a hell hog (49 damage)
             ... with a fireball
             ... on level 2 of the Abyss.
             The game lasted 00:22:57 (11566 turns).

ytrimaz the Nimble (Octopode Transmuter)           Turns: 11566, Time: 00:22:58

Health: -45/92     AC:  8    Str: 10    XL:     11   Next: 26%
Magic:  6/20       EV: 18    Int: 19    God:    Ashenzari [*.....]
Gold:   850        SH:  0    Dex: 13    Spells: 9/22 levels left

rFire   x . .      SeeInvis .     - Unarmed
rCold   + + +      Faith    .   (shield currently unavailable)
rNeg    . . .      Spirit   .   (helmet currently unavailable)
rPois   +          Reflect  .   (no amulet)
rElec   .          Harm     .   z - ring of Apeoromancy {EV+4, Evo, Elem} (curse)
rCorr   .          Rampage  .   h - ring of Ashenzari's Pantheism {Fly, Elem, Self} (curse)
Will    .....                   (no ring)
Stlth   +.........              (no ring)
HPRegen 0.25/turn               (no ring)
MPRegen 0.17/turn               (no ring)
                                (no ring)
                                (no ring)

@: ice-form, flying
A: freezing attack, boosted hp, almost no armour, amphibious, 8 rings, large,
(camouflage 1), (gelatinous body 1), (nimble swimmer 1), (tentacles)
a: End Transformation, Renounce Religion, Curse Item, Shatter the Chains


You were on level 2 of the Abyss.
You worshipped Ashenzari.
Ashenzari was aware of your devotion.
You were a creature of crystalline ice.
You visited 3 branches of the dungeon, and saw 12 of its levels.
You visited the Abyss 1 time.
You also visited: Ossuary.

You collected 850 gold pieces.

Inventory:

Hand Weapons
 o - the +10 dagger "Hell-Harrower" {holy, rPois rF++ SInv}
   (You found it on level 4 of the Dungeon)

   It has been blessed by the Shining One to cause great damage to the undead
   and demons.
   rF:        It greatly protects you from fire.
   rPois:     It protects you from poison.
   SInv:      It lets you see invisible.
Armour
 k - the cursed +2 hat of Ashenzari's Moon (melded) {Melee, Elem}
   (You found it on level 3 of the Dungeon)

   It has a curse which improves the following skills: Melee Combat: Short
   Blades, Long Blades, Axes, Maces & Flails, Polearms, Staves and Unarmed
   Combat.
   Elements:  Fire Magic, Ice Magic, Air Magic and Earth Magic.
Jewellery
 h - the cursed ring of Ashenzari's Pantheism (right front paw) {Fly, Elem, Self}
   (You took it off a gnoll on level 8 of the Dungeon)

   [ring of flight]

   Fly:       It grants you flight.
   It has a curse which improves the following skills: Elements: Fire Magic, Ice
   Magic, Air Magic and Earth Magic.
   Introspection: Fighting and Spellcasting.
 z - the cursed ring of Apeoromancy (left front paw) {EV+4, Evo, Elem}
   (You found it on level 7 of the Dungeon)

   [ring of evasion]

   EV:        It affects your evasion (+4).
   It has a curse which improves the following skills: Evocations: Evocations.
   Elements:  Fire Magic, Ice Magic, Air Magic and Earth Magic.
Wands
 p - a wand of polymorph (13)
 w - a wand of charming (9)
Scrolls
 j - 2 scrolls of enchant weapon
 m - a scroll of silence
 n - a scroll of summoning
 q - a scroll of poison
 s - 2 scrolls of amnesia
 v - 2 scrolls of noise
 x - 3 scrolls of enchant armour
Potions
 a - a potion of ambrosia
 b - 5 potions of curing
 d - 6 potions of mutation
 e - 4 potions of attraction
 f - 3 potions of resistance
 g - 2 potions of might
 i - 3 potions of brilliance
 r - a potion of lignification
 t - 2 potions of haste
 u - a potion of magic
 A - a potion of cancellation


   Skills:
 * Level 7.4(8.3) Fighting
 - Level 0.3 Bows
 - Level 0.8 Throwing
 - Level 10.0 Dodging
 - Level 7.0 Unarmed Combat
 + Level 5.1(6.0) Spellcasting
 - Level 7.0 Transmutations
 - Level 4.0(5.2) Ice Magic
 * Level 4.4 Poison Magic


You had 9 spell levels left.
You knew the following spells:

 Your Spells              Type           Power      Damage    Failure   Level
a - Spider Form           Tmut/Pois      27%        N/A       3%          3
b - Wereblood             Tmut           32%        N/A       1%          2
c - Ice Form              Ice/Tmut       28%        N/A       9%          4
d - Olgreb's Toxic Radia  Pois           22%        N/A       19%         4

Your spell library contained the following spells:

 Spells                   Type           Power      Damage    Failure   Level
 Beastly Appendage        Tmut           64%        N/A       1%          1
 Freeze                   Ice            100%       1d11      1%          1
 Sting                    Tmut/Pois      100%       1d8       1%          1
 Frozen Ramparts          Ice            50%        1d7       4%          3
 Poisonous Vapours        Pois/Air       28%        N/A       7%          2
 Slow                     Hex            20%        N/A       11%         1
 Sublimation of Blood     Necr           5%         N/A       17%         2
 Petrify                  Tmut/Erth      19%        N/A       26%         4
 Confusing Touch          Hex            5%         N/A       32%         3
 Dazzling Flash           Conj/Hex       10%        N/A       32%         3
 Summon Guardian Golem    Hex/Summ       5%         N/A       32%         3
 Vampiric Draining        Necr           5%         2d6       32%         3
 Hailstorm                Conj/Ice       15%        3d5       36%         4
 Irradiate                Conj/Tmut      9%         3d16      58%         5
 Silence                  Hex/Air        3%         N/A       96%         5
 Agony                    Necr           5%         N/A       97%         5
 Orb of Destruction       Conj           2%         9d5       100%        7
 Spellforged Servitor     Conj/Summ      2%         N/A       100%        7


Dungeon Overview and Level Annotations

Branches:
Dungeon (10/15)            Temple (1/1) D:4            Lair (1/6) D:8
Ossuary (visited)
    Orc: D:9-12

Altars:
Ashenzari
Cheibriados
Dithmenos
Elyvilon
Fedhas
Gozag
Hepliaklqana
Kikubaaqudgha
Makhleb
Nemelex Xobeh
Okawaru
Qazlal
Ru
Sif Muna
Trog
Uskayaw
Vehumet
Wu Jian
Xom
Yredelemnul
Zin
The Shining One
Beogh

Shops:
D:8 *

Annotations:
D:8 Maggie
D:9 Erolcha


Innate Abilities, Weirdness & Mutations

You are a creature of crystalline ice.
You have a powerful freezing melee attack.
Your maximum health is increased.
Your armour is entirely melded.
You are incapable of wielding weapons or throwing items.
You cannot wear most types of armour.
You are amphibious.
You can wear up to eight rings at the same time.
((Your skin changes colour to match your surroundings (Stealth+).))
((Your rubbery body absorbs attacks. (AC +1, EV +1)))
((You are camouflaged when in or above water. (Stealth+)))
((You have tentacles for arms and can constrict up to eight enemies at once.))


Message History

Unknown command.
Casting: Olgreb's Toxic Radiance (dangerous; 19% risk of failure)
Confirm with . or Enter, or press ? or * to list all spells.
You fail to extend your transformation any further.
Erolcha looks even sicker.
The killer bee looks as sick as possible!
Your toxic aura wanes.
You feel sick.
You kill the killer bee!
The wyvern misses you. x2; Erolcha is engulfed in poison gas.
Erolcha looks even sicker.
Erolcha points at you and mumbles some strange words.
You are cast into the Abyss!
This branch contains the abyssal rune of Zot.
Unknown command.
Unknown command.
Okay, then.
Unknown command.
You start resting.
You feel sick. x2
You are no longer poisoned.
You start resting. 3 hell hogs come into view.
The hell hog squeals angrily.
You hear an angry squeal. x2
Ashenzari invites you to partake of a vision and a curse of ranged combat and cunning.
Your magical contamination has completely faded away.
The hell hog squeals angrily.
The hell hog breathes fire at you.
The fireball explodes!
The fireball engulfs you!! The fire burns you terribly!
* * * LOW HITPOINT WARNING * * *
Unknown command.
Unknown command.
You feel much better. The hell hog breathes fire at you.
The fireball explodes!
The fireball engulfs you!!! The fire burns you terribly!
* * * LOW HITPOINT WARNING * * *
A hell hog comes into view.
The hell hog breathes fire at you.
The fireball explodes!
The fireball engulfs you!!! The fire burns you terribly!
Ouch! That really hurt!
You die...

.# .....#. .#...
#... ..............
.#....
............##.....
. . ..
................ ..
....... ....## ....
... # #.##.
##h..#.# ...# #.
#..#.## ...## #.#
##..#.#.....#
..##h..#.Y.......
§..h.∩..h##.......
.h......... .......
............
#.....#
h...........#
#...## ...
...#....... ....#
........ .... ..
.... ....


You could see 3 hell hogs.

Vanquished Creatures
  A two-headed ogre (D:8)
  Pikel (D:9)
  A komodo dragon (D:8)
  Prince Ribbit (D:6)
  Sigmund (D:3)
  11 yaks
  2 water moccasins
  3 ice beasts
  2 orc warriors (D:8)
  4 black bears
  5 ogres
  3 sky beasts
  A lemure (D:9)
  A centaur (D:9)
  A wolf (D:8)
  2 kobold brigands
  Blork the orc (D:5)
  A necrophage (D:4)
  6 bullfrogs
  5 gnoll sergeants (D:8)
  4 scorpions
  9 wights
  4 killer bees (D:9)
  2 howler monkeys
  4 jellies
  8 hounds
  A gnoll shaman (D:8)
  3 orc priests
  4 iguanas
  2 orc wizards
  Terence (D:3)
  9 mummies
  18 gnolls
  8 adders
  3 shadow imps (D:7)
  2 white imps
  2 ufetubi
  A worm (D:4)
  2 dart slugs
  16 orcs
  6 bats
  7 endoplasms
  A giant cockroach (D:2)
  4 goblins
  4 hobgoblins
  2 jackals (D:8)
  14 kobolds
  A quokka (D:1)
  3 ball pythons
  3 frilled lizards (D:2)
  3 hobgoblin zombies (Ossuary)
  2 kobold zombies (Ossuary)
  3 orc zombies (Ossuary)
  3 rats
212 creatures vanquished.

Vanquished Creatures (others)
  11 fungi (D:8)
  22 plants
33 creatures vanquished.

Grand Total: 245 creatures vanquished

Notes
Turn   | Place    | Note
-------+----------+-------------------------------------------
     0 | D:1      | ytrimaz the Octopode Transmuter began the quest for the
                  | Orb.
     0 | D:1      | Reached XP level 1. HP: 13/13 MP: 3/3
   708 | D:2      | Reached XP level 2. HP: 3/18 MP: 3/5
  1128 | D:2      | Learned a level 2 spell: Wereblood
  1320 | D:2      | Reached XP level 3. HP: 20/23 MP: 6/6
  1324 | D:2      | Learned a level 3 spell: Spider Form
  1436 | D:2      | Found a faded altar of an unknown god.
  2140 | D:3      | Reached XP level 4. HP: 23/28 MP: 7/7
  2388 | D:3      | Noticed Sigmund
  2412 | D:3      | Killed Sigmund
  2413 | D:3      | Reached XP level 5. HP: 14/33 MP: 2/8
  2620 | D:3      | Noticed Terence
  2637 | D:3      | Killed Terence
  2638 | D:3      | Reached XP level 6. HP: 14/38 MP: 3/9
  3078 | D:4      | Found a staircase to the Ecumenical Temple.
  3117 | Temple   | Entered the Ecumenical Temple
  3438 | Temple   | Became a worshipper of Ashenzari the Shackled
  3570 | D:4      | Reached XP level 7. HP: 45/45 MP: 2/10
  3870 | D:4      | Found Denawyec's General Store.
  3883 | D:4      | Identified the +10 dagger "Hell-Harrower" {holy, rPois rF++
                  | SInv}
  3933 | D:4      | Reached skill level 1 in Poison Magic
  4244 | D:5      | Entered Level 5 of the Dungeon
  4572 | D:5      | Identified the cursed +2 hat of Ashenzari's Moon {Melee,
                  | Elem} (You found it on level 3 of the Dungeon)
  4710 | D:5      | Reached XP level 8. HP: 35/54 MP: 6/11
  4858 | D:5      | Noticed Blork the orc
  4869 | D:5      | Killed Blork the orc
  4870 | D:5      | Reached skill level 5 in Fighting
  4870 | D:5      | Reached skill level 3 in Dodging
  5128 | D:5      | Reached skill level 4 in Dodging
  5137 | D:5      | Learned a level 4 spell: Ice Form
  5773 | D:6      | Reached skill level 1 in Ice Magic
  6259 | D:6      | Reached XP level 9. HP: 62/62 MP: 8/12
  6308 | D:6      | Noticed Prince Ribbit
  6597 | D:6      | Killed Prince Ribbit
  7311 | D:7      | Reached skill level 5 in Dodging
  7443 | D:7      | Reached skill level 6 in Dodging
  7487 | D:7      | Found a sand-covered staircase.
  7520 | Ossuary  | Entered an ossuary
  7704 | Ossuary  | Reached skill level 5 in Transmutations
  7960 | D:7      | Reached * piety under Ashenzari
  8007 | D:7      | Found a basalt altar of Yredelemnul.
  8007 | D:7      | Found a shadowy altar of Dithmenos.
  8552 | D:8      | Reached XP level 10. HP: 71/71 MP: 9/13
  8566 | D:8      | Reached skill level 7 in Dodging
  9496 | D:8      | Reached skill level 8 in Dodging
  9525 | D:8      | Noticed a two-headed ogre
  9533 | D:8      | Killed a two-headed ogre
  9591 | D:8      | Reached skill level 9 in Dodging
 10449 | D:8      | Noticed Maggie
 10696 | D:8      | Reached skill level 10 in Dodging
 10707 | D:8      | Reached XP level 11. HP: 73/77 MP: 5/17
 10884 | D:8      | Found Uneum's Assorted Antiques.
 11112 | D:8      | Found a staircase to the Lair.
 11228 | Lair:1   | Entered Level 1 of the Lair of Beasts
 11230 | Lair:1   | Noticed a five-headed hydra
 11283 | D:9      | Learned a level 4 spell: Olgreb's Toxic Radiance
 11417 | D:9      | Noticed Pikel
 11438 | D:9      | Killed Pikel
 11439 | D:9      | Reached skill level 5 in Spellcasting
 11443 | D:9      | Noticed Erolcha
 11451 | D:10     | Entered Level 10 of the Dungeon
 11550 | D:9      | Cast into level 2 of the Abyss (Erolcha)
 11557 | Abyss:2  | Noticed a hell hog
 11557 | Abyss:2  | Noticed a hell hog
 11557 | Abyss:2  | Noticed a hell hog
 11566 | Abyss:2  | HP: 4/92 [hell hog/fireball (37)]
 11566 | Abyss:2  | Noticed a hell hog
 11566 | Abyss:2  | Killed from afar by a hell hog

Illustrated notes

Levels and vault maps discovered:
D:1:      minmay_arrival_open_corners, layout_rooms
D:2:      layout_rooms, shapermc_ecumenical_altar_notcrosses
D:3:      layout_loops_cross, uniq_sigmund, uniq_terence
D:4:      layout_rooms, minmay_temple_entry_waves, serial_shops, shop,
          kennysheep_orc_chapel
D:5:      layout_loops_ring, eino_small_chamber_without_monster,
          uniq_blork_the_orc
D:6:      layout_basic, uniq_prince_ribbit1
D:7:      layout_cave_pools, gammafunk_temple_overflow_statue,
          gup_ossuary_entry_pyramid, hellmonk_bongcloud_opening,
          minmay_fractal_squares_5
D:8:      layout_cave_pools, grunt_lair_entry_orc_guard_hut, serial_gnoll_camp,
          gnoll_camp_mini_sergeant, gnoll_camp_huts_basic, gnoll_camp_mini_shop,
          gnoll_camp_mini_loothouse, gnoll_camp_mini_house,
          gnoll_camp_mini_house, minmay_misc_feat_five, skrybe_limestone_x,
          chequers_arboretum, uniq_maggie
D:9:      layout_rooms, minmay_joined_circles, uniq_erolcha, uniq_maurice,
          uniq_pikel, uniq_psyche
D:10:     layout_cave_pools, serial_glass, glass_columns_b, glass_columns_a,
          glass_columns_a, glass_columns_a, glass_columns_a, glass_columns_c,
          glass_columns_a, glass_columns_a, serial_bayou_lagoon_a
Temple:   mainiacjoe_temple_cubbyholes
Lair:1:   layout_chaotic_city, hangedman_lair_unloving_vines
Abyss:2:  base: D:7, hangedman_abyss_or_decor_slice

Skill      XL: |  1  2  3  4  5  6  7  8  9 10 11 |
---------------+----------------------------------+-----
Unarmed Combat | 4 6 7 |  7.0
Fighting       | 2 4 6 7 |  7.4
Poison Magic   | 4 |  4.4
Dodging        | 4 6 10 | 10.0
Ice Magic      | 3 4 |  4.0
Transmutations | 5 7 |  7.0
Spellcasting   | 3 5 |  5.1
Bows           | |  0.3
Throwing       | |  0.8

Action                   |  1- 3 |  4- 6 |  7- 9 | 10-12 || total
-------------------------+-------+-------+-------+-------++-------
Melee: Unarmed           |    74 |    53 |   271 |   194 ||   592
       Kick              |    13 |       |     5 |       ||    18
       Constrict         |    18 |     5 |     8 |     1 ||    32
       Tentacles         |    10 |     1 |    12 |     3 ||    26
       Dagger            |       |       |     4 |       ||     4
       Punch             |       |       |     2 |       ||     2
 Cast: Beastly Appendage |    16 |       |     8 |       ||    24
       Wereblood         |     2 |     3 |     7 |     8 ||    20
       Spider Form       |       |     4 |    23 |     6 ||    33
       Ice Form          |       |       |     9 |    20 ||    29
       Olgreb's Toxic Ra |       |       |       |     4 ||     4
Invok: Curse Item        |       |       |     2 |     1 ||     3
  Use: Scroll            |     4 |       |    14 |     9 ||    27
       Potion            |     1 |     1 |     4 |     4 ||    10
 Stab: Sleeping          |     7 |     3 |     1 |       ||    11
Armor: Skin              |    16 |    24 |    31 |    41 ||   112
Dodge: Dodged            |    62 |    30 |   253 |   207 ||   552

Table legend: (Time is in decaauts)
 A = Elapsed time spent in this place.
 B = Non-inter-level travel time spent in this place.
 C = Inter-level travel time spent in this place.
 D = Time resting spent in this place.
 E = Time spent auto-exploring this place.
 F = Levels seen in this place.
 G = Mean time per level.
                   A        B        C        D        E       F      G
               +--------+--------+--------+--------+--------+-----+--------+
         Total |  11504 |  11119 |    385 |   2066 |   6694 |  14 |  821.7 |
       Dungeon |  10705 |  10348 |    357 |   1966 |   6272 |  10 | 1070.5 |
        Temple |    432 |    404 |     28 |      0 |    384 |   1 |  432.0 |
          Lair |      7 |      7 |      0 |      0 |      0 |   1 |    7.0 |
         Abyss |     15 |     15 |      0 |      7 |      0 |   1 |   15.0 |
       Ossuary |    342 |    342 |      0 |     93 |     38 |   1 |  342.0 |
               +--------+--------+--------+--------+--------+-----+--------+

Top non-repeatable levels by time:
     D:8: 2043 daAuts
     D:6: 1856 daAuts
     D:5: 1509 daAuts
     D:3: 1237 daAuts
     D:7: 1207 daAuts
     D:2: 1097 daAuts
     D:4: 769 daAuts
     D:1: 691 daAuts
  Temple: 432 daAuts
 Ossuary: 342 daAuts
     D:9: 247 daAuts
    D:10: 43 daAuts
 Abyss:2: 15 daAuts
  Lair:1: 7 daAuts
